 Dungeon Crawl Stone Soup version 0.30-a0-722-g3e6e8c874d (webtiles) character file.

Game seed: 2464179312582991198

5987 Demosthentine the Fighter (level 10, 0/72 HPs)
             Began as a Demonspawn Gladiator on Jan 27, 2023.
             Was an Elder of Hepliaklqana.
             Slain by a vampire
             ... wielding a +2 vampiric glaive
              (3 damage)
             ... in a bailey.
             The game lasted 00:10:47 (6755 turns).

Demosthentine the Fighter (Demonspawn Gladiator)    Turns: 6755, Time: 00:10:48

Health: 0/72       AC:  8    Str: 24    XL:     10   Next: 55%
Magic:  14/14      EV: 17    Int: 10    God:    Hepliaklqana [****..]
Gold:   434        SH:  0    Dex: 22    Spells: 9/9 levels left

rFire   . . .      SeeInvis .    a - +1 trident
rCold   . . .      Faith    .    (no shield)
rNeg    . . .      Spirit   .    h - +1 leather armour of the Ward {Str+5}
rPois   +          Reflect  .    c - +1 helmet
rElec   .          Harm     .    H - +0 cloak
rCorr   +          Rampage  .    (no gloves)
Will    .....                    (no boots)
Stlth   ++                       o - amulet of regeneration
HPRegen 1.12/turn                i - +6 ring of dexterity
MPRegen 0.14/turn                q - ring of Kegach {rPois rCorr Str+2}

@: mighty
A: reduced essence, foul stench 1, powered by pain 2, weakness stinger 1
a: Renounce Religion, Recall Ancestor, Ancestor Identity, Transference, Idealise


You were in a bailey.
You worshipped Hepliaklqana.
Hepliaklqana was greatly pleased with you.
You visited 1 branch of the dungeon, and saw 9 of its levels.
You also visited: Ossuary and Bailey.

You collected 434 gold pieces.

Inventory:

Hand Weapons
 a - a +1 trident (weapon)
Missiles
 d - 3 throwing nets (quivered)
 e - a javelin
 K - 3 silver javelins
Armour
 c - a +1 helmet (worn)
 h - the +1 leather armour of the Ward (worn) {Str+5}
   (You found it on level 2 of the Dungeon)

   Str:       It affects your strength (+5).
 H - a +0 cloak (worn)
Jewellery
 i - a +6 ring of dexterity (left hand)
 o - an amulet of regeneration (around neck)
 q - the ring of Kegach (right hand) {rPois rCorr Str+2}
   (You found it on level 5 of the Dungeon)

   [ring of resist corrosion]

   Str:       It affects your strength (+2).
   rPois:     It protects you from poison.
   rCorr:     It protects you from acid and corrosion.
 v - a +5 ring of evasion
 D - a +4 ring of slaying
 L - a +4 ring of slaying
Wands
 b - a wand of roots (13)
 n - a wand of light (17)
 z - a wand of paralysis (8)
 J - a wand of flame (14)
Scrolls
 l - 3 scrolls of enchant weapon
 t - 4 scrolls of amnesia
 u - a scroll of fog
 y - 2 scrolls of blinking
 F - a scroll of teleportation
 G - a scroll of fear
Potions
 f - a potion of cancellation
 j - 2 potions of curing
 k - 4 potions of flight {unknown}
 m - 2 potions of brilliance {unknown}
 p - 2 potions of might {unknown}
 r - 3 potions of degeneration {unknown}
 s - 2 potions of resistance {unknown}
 w - a potion of magic
 x - 2 potions of mutation
 A - 5 potions of heal wounds {unknown}
 B - a potion of lignification
 C - 2 potions of invisibility {unknown}
 E - a potion of attraction


   Skills:
 + Level 8.3 Fighting
 + Level 7.9 Polearms
 - Level 1.7 Throwing
 - Level 5.6 Armour
 + Level 7.8 Dodging
 + Level 6.1 Invocations


You had 9 spell levels left.
You didn't know any spells.
Your spell library contained the following spells:

 Spells                   Type           Power      Damage    Failure   Level
 Apportation              Tloc           0%         N/A       38%         1
 Kiss of Death            Conj/Necr      0%         2d5       38%         1
 Sting                    Tmut/Pois      0%         1d3       38%         1
 Poisonous Vapours        Pois/Air       0%         N/A       54%         2
 Olgreb's Toxic Radiance  Pois           0%         N/A       99%         4
 Alistair's Intoxication  Tmut/Pois      0%         N/A       100%        5
 Yara's Violent Unravell  Hex/Tmut       0%         3d3       100%        5
 Death Channel            Necr           0%         N/A       100%        6


Dungeon Overview and Level Annotations

Branches:
Dungeon (9/15)             Temple (0/1) D:7         Ossuary (visited)
 Bailey (1/1)
   Lair: D:8-11         Orc: D:9-12

Altars:
Cheibriados
Hepliaklqana
Okawaru
Sif Muna
Xom
Yredelemnul

Shops:
D:1 :


Innate Abilities, Weirdness & Mutations

Your life essence is reduced to manifest your ancestor. (-10% HP)
You may rarely emit foul miasma when damaged in melee.
You sometimes gain power by taking damage.
You have a small tail.


Message History

You swap places.
Found a pair of runed gloves, a shiny scale mail and a cyan potion.
Something hits you!
You focus on the pain.
You feel very mighty all of a sudden. Something bites you.
Something draws strength from your injuries!
You hit something. You tail-slap something. Something hits you!
Something bites you.
Something draws strength from your injuries!
Unknown command.
Found a runed barding.
Something completely misses you. Something bites you.
Something draws strength from your injuries!
Unknown command.
You hit something but do no damage. You tail-slap something.
Impisi hits something with a +0 flail.
Something hits you.
* * * LOW HITPOINT WARNING * * *
Something bites you but does no damage.
You puncture something!
Impisi hits something but does no damage.
You puncture something! You tail-slap something! Something hits you!
* * * LOW HITPOINT WARNING * * *
Something bites you!
* * * LOW HITPOINT WARNING * * *
Something draws strength from your injuries!
You emit a cloud of foul miasma!
Impisi misses something.
You feel better. Something draws life force from you!
* * * LOW HITPOINT WARNING * * *
Impisi hits something with a +0 flail.
You feel better.
You hear some strange, mumbled words.
Impisi appears confused.
Impisi barely misses something.
You completely miss something. You tail-slap something.
Something draws life force from you!
* * * LOW HITPOINT WARNING * * *
Impisi closely misses something.
You feel better. Something hits you!
* * * LOW HITPOINT WARNING * * *
Something bites you.
You die...

##### #8![.## ##
[..[!## #8. #..8#
#.. #{@#
########..# ##R.#
.......#...##...#
.....##......##
######...##....##
8....##)..##''###
......#)........#
......)).......8#
...#....#########


You could see the friendly Impisi the knight (confused).

Vanquished Creatures
  A gargoyle (Bailey)
  Eustachio (D:4)
  A wyvern (D:7)
  A black bear (D:5)
  A sky beast (D:6)
  An ice beast (D:6)
  2 ogres
  A small abomination (D:9)
  5 centaurs
  A phantom (D:4)
  4 kobold brigands
  3 bullfrogs
  10 scorpions
  A necrophage (D:6)
  3 wights (D:8)
  4 vampire bats (Bailey)
  3 wolf zombies (Bailey)
  2 howler monkeys
  4 centaur zombies (Ossuary)
  3 hounds
  A jelly (D:6)
  2 human zombies (Ossuary)
  Crazy Yiuf (D:7)
  2 orc priests (D:5)
  4 scorpion zombies (Ossuary)
  An iguana (D:5)
  4 orc wizards
  2 killer bee zombies (D:7)
  2 mummies (Ossuary)
  2 howler monkey zombies (D:7)
  7 adders
  2 shadow imps
  2 worms (D:2)
  6 dart slugs
  16 orcs
  7 ball pythons
  12 endoplasms
  6 giant cockroaches
  A gnoll zombie (Ossuary)
  3 goblins
  8 hobgoblins
  3 quokkas
  5 bats
  4 frilled lizards
  A goblin zombie (Ossuary)
  4 hobgoblin zombies (Ossuary)
  20 kobolds
  4 kobold zombies (Ossuary)
  19 orc zombies
  5 rats
208 creatures vanquished.

Vanquished Creatures (collateral kills)
  A wizard (D:9)
  A large abomination (D:9)
  2 small abominations (D:9)
  A centaur (D:9)
  A bullfrog (D:8)
  A wyvern zombie (D:7)
  A wight (D:8)
  3 wolf zombies (Bailey)
  4 vampire bats (Bailey)
  2 centaur zombies (D:7)
  An orc priest (D:6)
  A gnoll bouda (D:8)
  A scorpion zombie (Ossuary)
  Ijyb (D:4)
  2 orc wizards
  A killer bee zombie (D:7)
  A mummy (Ossuary)
  3 gnolls (D:8)
  2 adders
  An ufetubus (D:6)
  7 orcs
  An endoplasm (D:4)
  A ball python (D:4)
  A goblin (D:4)
  A hobgoblin zombie (Ossuary)
  3 kobolds (D:8)
  6 orc zombies (Bailey)
51 creatures vanquished.

Vanquished Creatures (others)
  4 ancestors
4 creatures vanquished.

Grand Total: 263 creatures vanquished

Notes
Turn   | Place    | Note
-------+----------+-------------------------------------------
     0 | D:1      | Demosthentine the Demonspawn Gladiator began the quest for
                  | the Orb.
     0 | D:1      | Reached XP level 1. HP: 16/16 MP: 1/1
   193 | D:1      | Gained mutation: You have a small tail. [demonic ancestry]
   193 | D:1      | Reached XP level 2. HP: 19/22 MP: 2/2
   269 | D:1      | Found Mabaox's Book Shop.
   939 | D:1      | Reached skill level 1 in Armour
  1002 | D:2      | Reached XP level 3. HP: 21/28 MP: 3/3
  1003 | D:2      | Identified the +1 leather armour of the Ward {Str+5}
  1116 | D:2      | Got the Secrets of Necrotic Transition
  1448 | D:2      | Reached XP level 4. HP: 34/34 MP: 4/4
  1541 | D:3      | Found a hazy altar of Hepliaklqana.
  1553 | D:3      | Noticed an ogre
  1563 | D:3      | Killed an ogre
  1564 | D:3      | Reached skill level 3 in Fighting
  1564 | D:3      | Reached XP level 5. HP: 37/41 MP: 5/5
  1575 | D:3      | Became a worshipper of Hepliaklqana the Forgotten
  1975 | D:3      | Reached * piety under Hepliaklqana
  2090 | D:4      | Noticed a phantom
  2096 | D:4      | Killed a phantom
  2097 | D:4      | Gained mutation: You may rarely emit foul miasma when
                  | damaged in melee. [demonic ancestry]
  2097 | D:4      | Reached XP level 6. HP: 43/43 MP: 6/6
  2104 | D:4      | Noticed Ijyb
  2111 | D:4      | Noticed Eustachio
  2116 | D:4      | Killed Ijyb
  2281 | D:4      | Killed Eustachio
  2282 | D:4      | Reached skill level 4 in Fighting
  2363 | D:4      | Found a sand-covered staircase.
  2370 | Ossuary  | Entered an ossuary
  2442 | Ossuary  | Reached XP level 7. HP: 48/48 MP: 7/7
  2647 | Ossuary  | Reached skill level 5 in Fighting
  2647 | Ossuary  | Reached skill level 5 in Polearms
  2647 | Ossuary  | Reached skill level 5 in Dodging
  2647 | Ossuary  | Gained mutation: You sometimes gain a little power by
                  | taking damage. [demonic ancestry]
  2647 | Ossuary  | Reached XP level 8. HP: 27/55 MP: 8/8
  2972 | D:4      | Found a snail-covered altar of Cheibriados.
  2989 | D:4      | Found a shimmering altar of Xom.
  3230 | D:5      | Entered Level 5 of the Dungeon
  3254 | D:5      | Reached ** piety under Hepliaklqana
  3306 | D:5      | Found a shimmering blue altar of Sif Muna.
  3668 | D:5      | Reached skill level 6 in Fighting
  3670 | D:5      | Identified the ring of Kegach {rPois rCorr Str+2}
  3758 | D:5      | Reached skill level 5 in Armour
  3791 | D:5      | Remembered your ancestor Impisi as a knight
  3994 | D:6      | Reached XP level 9. HP: 36/62 MP: 9/9
  4205 | D:6      | Found an iron altar of Okawaru.
  4214 | D:6      | Identified the +9 whip of Dayqal Nyta {drain, rElec Will+}
  4222 | D:6      | Reached *** piety under Hepliaklqana
  4274 | D:6      | Identified the +0 ring mail of Elyvilon's Supremacy {MP+9
                  | Int+3}
  4603 | D:7      | Reached skill level 1 in Invocations
  4780 | D:7      | Found a staircase to the Ecumenical Temple.
  4808 | D:7      | Found a basalt altar of Yredelemnul.
  4843 | D:7      | Reached skill level 7 in Fighting
  5043 | D:7      | Identified the +5 hammer of Arrival {freeze, *Corrode rN+
                  | Will+ Dex+2}
  5044 | D:7      | Found a runed translucent door.
  5045 | D:7      | Noticed Crazy Yiuf
  5365 | D:7      | Killed Crazy Yiuf
  5811 | D:8      | Reached **** piety under Hepliaklqana
  5946 | D:8      | Found the +7 Spriggan's Knife {stab, EV+4 Stlth+}
  6289 | D:9      | Noticed a wizard
  6298 | D:9      | Killed a wizard
  6299 | D:9      | Gained mutation: You sometimes gain power by taking damage.
                  | [demonic ancestry]
  6299 | D:9      | Reached XP level 10. HP: 69/72 MP: 13/13
  6305 | D:9      | Noticed a large abomination
  6305 | D:9      | Noticed a large abomination
  6310 | D:9      | Killed a large abomination
  6311 | D:9      | Noticed a large abomination
  6318 | D:9      | Reached skill level 5 in Invocations
  6382 | D:9      | Found a flagged portal.
  6392 | Bailey   | Entered a bailey
  6442 | Bailey   | Reached skill level 8 in Fighting
  6680 | Bailey   | Noticed a gargoyle
  6690 | Bailey   | Killed a gargoyle
  6752 | Bailey   | HP: 3/72 [something (12)]
  6755 | Bailey   | Slain by a vampire

Illustrated notes

Levels and vault maps discovered:
D:1:      mrwooster_arrival_statue_3, layout_basic, serial_shops, shop_fountains
D:2:      layout_rooms, basic_altar
D:3:      layout_rooms, nzn_hepliaklqana_mist_gate
D:4:      layout_rooms, mainiacjoe_overflow_swirl, mainiacjoe_overflow_alcove_1,
          chequers_ossuary_entry_cave, uniq_eustachio, uniq_ijyb
D:5:      kennysheep_spiral_hall, layout_basic,
          mainiacjoe_overflow_six_doors_small
D:6:      layout_basic, nicolae_overflow_crystal_walls
D:7:      layout_loops_ring, nicolae_yredelemnul_corpse_copse,
          minmay_temple_entry_mini_moons, minmay_statues_item,
          uniq_crazy_yiuf_cottage
D:8:      minmay_weird_star, layout_basic
D:9:      layout_basic, enter_bailey_6, laboratory, uniq_joseph
Bailey:   bailey_polearm_vampire_castle_hellmonk, bailey

Skill      XL: |  1  2  3  4  5  6  7  8  9 10 |
---------------+-------------------------------+-----
Dodging        | 3 4 5 6 7 |  7.8
Polearms       | 3 4 5 6 7 |  7.9
Armour         | 1 2 3 5 |  5.6
Fighting       | 3 4 5 6 7 8 |  8.3
Invocations    | 4 6 |  6.1
Throwing       | |  1.7

Action                     |  1- 3 |  4- 6 |  7- 9 | 10-12 || total
---------------------------+-------+-------+-------+-------++-------
  Melee: Trident           |   123 |   149 |   384 |   133 ||   789
         Tailslap          |     7 |    13 |    42 |    19 ||    81
         Punch             |     1 |     1 |     4 |     1 ||     7
  Throw: Throwing net      |       |       |     2 |       ||     2
 Invoke: Recall Ancestor   |       |       |     1 |     1 ||     2
         Ancestor Life: Kn |       |       |     1 |       ||     1
         Ancestor Identity |       |       |     1 |       ||     1
    Use: Scroll            |       |     3 |    12 |     1 ||    16
         Potion            |       |     1 |       |     4 ||     5
   Stab: Sleeping          |     2 |     1 |     2 |     2 ||     7
         Distracted        |       |     1 |     7 |     2 ||    10
 Armour: Leather armour    |    18 |    46 |    72 |    29 ||   165
  Dodge: Dodged            |    49 |   144 |   198 |    94 ||   485

Table legend: (Time is in decaauts)
 A = Elapsed time spent in this place.
 B = Non-inter-level travel time spent in this place.
 C = Inter-level travel time spent in this place.
 D = Time resting spent in this place.
 E = Time spent auto-exploring this place.
 F = Levels seen in this place.
 G = Mean time per level.
                   A        B        C        D        E       F      G
               +--------+--------+--------+--------+--------+-----+--------+
         Total |   6791 |   6598 |    193 |    195 |   4644 |  11 |  617.4 |
       Dungeon |   5976 |   5783 |    193 |    138 |   4270 |   9 |  664.0 |
       Ossuary |    461 |    461 |      0 |     19 |    202 |   1 |  461.0 |
        Bailey |    353 |    353 |      0 |     38 |    172 |   1 |  353.0 |
               +--------+--------+--------+--------+--------+-----+--------+

Top non-repeatable levels by time:
     D:1: 1001 daAuts
     D:7: 826 daAuts
     D:8: 790 daAuts
     D:5: 755 daAuts
     D:3: 664 daAuts
     D:4: 609 daAuts
     D:6: 607 daAuts
     D:2: 537 daAuts
 Ossuary: 461 daAuts
  Bailey: 353 daAuts
     D:9: 182 daAuts
